 Dungeon Crawl Stone Soup version 0.31.0-7-gf635a9b802 (webtiles) character file.

Game seed: 7264580879566042883

41 monsoonserge the Grasshopper (level 3, -1/27 HPs)
             Began as a Demonspawn Warper on Jan 23, 2024.
             Slain by a goblin
             ... wielding a +0 dagger
             ... led by Robin
              (5 damage)
             ... on level 2 of the Dungeon.
             The game lasted 00:03:06 (936 turns).

monsoonserge the Grasshopper (Demonspawn Warper)     Turns: 936, Time: 00:03:06

Health: -1/27      AC:  5    Str: 11    XL:     3   Next: 32%
Magic:  6/6        EV: 11    Int: 15    God:
Gold:   49         SH:  0    Dex: 12    Spells: 4/6 levels left

rFire   . . .        j - +1 hand axe (elec)
rCold   . . .        (no shield)
rNeg    . . .        b - +0 leather armour
rPois   .            (no helmet)
rElec   .            (no cloak)
rCorr   .            (no gloves)
SInv    .            (no boots)
Will    .....        (no amulet)
Stlth   +            (no ring)
HPRegen 0.24/turn    (no ring)
MPRegen 0.10/turn

%: random rage (3%)
@: attractive
A: yellow scales 1, claws 1, berserk 1
a: no special abilities


You were on level 2 of the Dungeon.
You visited 1 branch of the dungeon, and saw 2 of its levels.

You collected 49 gold pieces.

Inventory:

Hand Weapons
 a - a +0 mace
 g - a +0 war axe
 j - a +1 hand axe of electrocution (weapon)
 l - a +0 club
Missiles
 d - 7 darts of dispersal (quivered)
 k - 3 javelins
Armour
 b - a +0 leather armour (worn)
Jewellery
 h - an amulet of magic regeneration
Scrolls
 c - 3 scrolls of blinking
 f - 2 scrolls of amnesia {unknown}
 n - 2 scrolls of identify {unknown}
 o - a scroll of vulnerability {unknown}
 p - a scroll of enchant weapon {unknown}
Potions
 m - a potion of magic {unknown}


   Skills:
 - Level 2.0 Fighting
 * Level 0.9(1.6) Axes
 + Level 2.1(2.2) Maces & Flails
 - Level 1.0 Throwing
 + Level 1.0 Armour
 + Level 1.9 Dodging
 - Level 2.0 Spellcasting
 + Level 3.4 Translocations


You had 4 spell levels left.
You knew the following spells:

 Your Spells              Type           Power      Damage    Failure   Level
a - Blink                 Tloc           22%        N/A       11%         2

Your spell library contained the following spells:

 Spells                   Type           Power      Damage    Failure   Level
 Lesser Beckoning         Tloc           22%        N/A       11%         2
 Teleport Other           Tloc           11%        N/A       22%         3
 Manifold Assault         Tloc           11%        N/A       56%         4
 Vhi's Electric Charge    Tloc/Air       12%        N/A       82%         4


Dungeon Overview and Level Annotations

Branches:
Dungeon (2/15)

Altars:

Annotations:
D:2 Robin


Innate Abilities, Weirdness & Mutations

You are partially covered in yellow scales. (AC +2)
You have sharp fingernails.
You sometimes lose your temper in combat.


Message History

The goblin attacks as it pursues you! The goblin closely misses you.
The goblin shoots a sling bullet.
The sling bullet hits you. The goblin attacks as it pursues you!
The goblin hits you but does no damage.
You hit the goblin but do no damage. The goblin hits you with a +0 club.
You hit the goblin.
The goblin is moderately wounded.
The goblin hits you with a +0 club.
You hit the goblin.
The goblin is severely wounded.
The goblin hits you but does no damage. x2
You barely miss the goblin.
The goblin is severely wounded.
Robin roars a battlecry!
The goblins go into a battle-frenzy!
The goblin barely misses you.
You barely miss the goblin.
The goblin is severely wounded.
A hobgoblin comes into view.
The goblin hits you with a +0 club.
The hobgoblin shouts!
You hit the goblin. Lightning courses through the goblin!
You kill the goblin!
The goblin shoots a sling bullet.
The sling bullet barely misses you. Robin throws the goblin at you!
The goblin hits you with a +0 dagger.
You hit the goblin.
The goblin is severely wounded.
You barely miss the goblin.
The goblin hits you with a +0 dagger. x2
* * * LOW HITPOINT WARNING * * *
Unknown command.
It was a potion of mutation.
You feel extremely strange.
Your fingernails lengthen.
You feel a little pissed off. The goblin hits you with a +0 dagger.
* * * LOW HITPOINT WARNING * * *
The goblin hits you with a +0 dagger.
* * * LOW HITPOINT WARNING * * *
It was a potion of attraction.
You feel attractive to monsters.
A goblin comes into view. It is wielding a +0 dagger.
The goblin completely misses you. The goblin hits you with a +0 dagger.
You die...

##.........# .+.........#
##.........########
##..........)......
##......###########
#......# #.. #......# #.#
#######.# #g#
........###### #@# #
########.....###g####.#
.......'.....'.ggg....#..
########.....###gg......#
##...............#
#.#######).####.# #.#
#..# #.# #g.# #.# #..#


You could see Robin, a hobgoblin (strong) and 6 goblins.

Vanquished Creatures
  A ribbon worm (D:2)
  A dart slug (D:1)
  2 endoplasms
  2 giant cockroaches (D:1)
  7 goblins
  5 hobgoblins (D:1)
  2 jackals (D:1)
  2 kobolds (D:1)
  3 quokkas
  A ball python (D:1)
  2 bats (D:2)
  2 frilled lizards (D:1)
  A rat (D:1)
31 creatures vanquished.

Notes
Turn   | Place    | Note
-------+----------+-------------------------------------------
     0 | D:1      | monsoonserge the Demonspawn Warper began the quest for the
                  | Orb.
     0 | D:1      | Reached XP level 1. HP: 16/16 MP: 3/3
   140 | D:1      | Reached skill level 3 in Translocations
   146 | D:1      | Reached skill level 1 in Throwing
   160 | D:1      | Gained mutation: You are partially covered in yellow
                  | scales. (AC +2) [demonic ancestry]
   160 | D:1      | Reached XP level 2. HP: 22/22 MP: 5/5
   163 | D:1      | Learned a level 2 spell: Blink
   405 | D:1      | Reached XP level 3. HP: 23/27 MP: 6/6
   924 | D:2      | Reached skill level 1 in Armour
   924 | D:2      | Noticed Robin
   935 | D:2      | Gained mutation: You have sharp fingernails. [potion of
                  | mutation]
   935 | D:2      | Gained mutation: You sometimes lose your temper in combat.
                  | [potion of mutation]
   936 | D:2      | Slain by a goblin

Illustrated notes

Levels and vault maps discovered:
D:1:      lightli_arrival_boilingwater, layout_loops_cross, glass_columns_b,
          wad_floor_pattern_1, hex_tiny
D:2:      layout_basic, uniq_robin

Skill      XL: |  1  2  3 |
---------------+----------+-----
Translocations | 3 |  3.4
Throwing       | 1 |  1.0
Maces & Flails | 2 |  2.1
Armour         | 1 |  1.0
Fighting       | |  2.0
Axes           | |  0.9
Dodging        | |  1.9
Spellcasting   | |  2.0

Action                     || total
---------------------------++-------
  Melee: Mace              ||    10
         War axe           ||    29
         Hand axe          ||    30
    Use: Potion            ||     2
 Armour: Leather armour    ||    62
  Dodge: Dodged            ||    54
